 Dungeon Crawl Stone Soup version 0.23.2-1-ga50397a6bc (webtiles) character file.

Game seed: 15590859148654594539

167916 Peloso the Peltast (level 17, -13/161 HPs)
             Began as a Minotaur Fighter on Apr 17, 2019.
             Was the Champion of Okawaru.
             Killed from afar by Aizul (23 damage)
             ... with a bolt of poison
             ... on level 2 of the Elven Halls on Apr 18, 2019.
             The game lasted 01:35:55 (32386 turns).

Peloso the Peltast (Minotaur Fighter)              Turns: 32386, Time: 01:35:56

Health: -13/161    AC: 31    Str: 26    XL:     17   Next: 32%
Magic:  20/20      EV: 13    Int: 12    God:    Okawaru [******]
Gold:   1737       SH: 19    Dex: 21    Spells: 16/16 levels left

rFire    + . .     SeeInvis +   a - +5 demon blade of the Vendetta {vamp, Str+3}
rCold    + + .     Gourm    .   N - +2 shield of Resistance {rF+ rC+ MR+}
rNeg     + + +     Faith    +   o - +4 plate armour {rC+}
rPois    .         Spirit   .   t - +2 hat {SInv}
rElec    .         Reflect  .   y - +1 cloak {MR+}
rCorr    .         Harm     .   D - +1 pair of gloves {Dex+3}
MR       +++..                  r - +2 pair of boots {Stlth+}
Stlth    ..........             R - amulet of faith
HPRegen  0.36/turn              j - ring "Ewiwna" {rN+++ Str-2 Int+3 Dex+5 SInv}
MPRegen  0.17/turn              I - ring "Tidyr" {Wiz Int+4 Slay+5}

@: lethally poisoned (-13 -> -157)
A: retaliatory headbutt, horns 2
a: Heroism, Finesse, Renounce Religion


You were on level 2 of the Elven Halls.
You worshipped Okawaru.
Okawaru was exalted by your worship.
You were not hungry.

You visited 7 branches of the dungeon, and saw 30 of its levels.
You also visited: Ossuary and Gauntlet.

You collected 3287 gold pieces.
You spent 1550 gold pieces at shops.

Inventory:

Hand Weapons
 a - the +5 demon blade of the Vendetta (weapon) {vamp, Str+3}
   (Okawaru gifted it to you on level 2 of the Lair of Beasts)

   It inflicts no extra harm, but heals its wielder when it wounds a living foe.
   It affects your strength (+3).
 G - a +4 scimitar of flaming
 K - the +9 heavy crossbow "Sniper" {velocity, Acc+∞ SInv}
   (You found it on level 1 of the Elven Halls)

   Any bolt fired from it inflicts extra damage.
   It lets you see invisible.
 S - the cursed +0 scimitar of Precise Incision {pain, Int+6}
   (You found it on level 2 of the Elven Halls)

   In the hands of one skilled in necromantic magic, it inflicts extra damage on
   living creatures.
   It affects your intelligence (+6).
   It has a curse placed upon it.
Armour
 b - a +0 scale mail
 o - a +4 plate armour of cold resistance (worn)
 r - a +2 pair of boots of stealth (worn)
 t - a +2 hat of see invisible (worn)
 y - a +1 cloak of magic resistance (worn)
 D - a +1 pair of gloves of dexterity (worn)
 N - the +2 shield of Resistance (worn) {rF+ rC+ MR+}
   (You found it in a Gauntlet)

   It protects you from fire.
   It protects you from cold.
   It affects your resistance to hostile enchantments.
 O - a scarf of cloud immunity
 P - the +1 chain mail of Prudence {-Cast rPois rN+ Str+5}
   (Okawaru gifted it to you on level 1 of the Elven Halls)

   It affects your strength (+5).
   It protects you from poison.
   It protects you from negative energy.
   It prevents spellcasting.
Jewellery
 j - the ring "Ewiwna" (left hand) {rN+++ Str-2 Int+3 Dex+5 SInv}
   (You found it on level 2 of the Snake Pit)

   [ring of dexterity]

   It affects your strength (-2).
   It affects your intelligence (+3).
   It affects your dexterity (+5).
   It renders you almost immune to negative energy.
   It lets you see invisible.
 I - the ring "Tidyr" (right hand) {Wiz Int+4 Slay+5}
   (You found it in a Gauntlet)

   [ring of wizardry]

   It improves your spell success rate.
   It affects your intelligence (+4).
   It affects your accuracy and damage with ranged weapons and melee attacks
   (+5).
 R - an amulet of faith (around neck)
Wands
 g - a wand of random effects (8)
 q - a wand of flame (12)
 B - a wand of digging (5)
 L - a wand of acid (15)
Scrolls
 c - 7 scrolls of teleportation
 e - 8 scrolls of identify
 h - 3 scrolls of fog
 k - 5 scrolls of magic mapping
 w - 6 scrolls of fear
 x - 2 scrolls of amnesia
 z - 2 scrolls of enchant armour
 C - 12 scrolls of remove curse
 J - 2 scrolls of blinking
 M - a scroll of enchant weapon
Potions
 d - 6 potions of might
 i - a potion of berserk rage
 m - 6 potions of agility
 n - 4 potions of curing
 p - 5 potions of flight
 s - 6 potions of haste
 u - 8 potions of heal wounds
 A - 2 potions of magic
 E - a potion of resistance
 Q - a potion of cancellation
Miscellaneous
 v - a phantom mirror
 F - a box of beasts
 H - a crystal ball of energy
Comestibles
 f - 38 rations


   Skills:
 + Level 17.0 Fighting
 + Level 18.5 Long Blades
   Level 0.3 Axes
 + Level 15.1 Armour
 + Level 7.5 Dodging
 + Level 2.5 Stealth
 + Level 19.2 Shields
 + Level 5.3 Invocations
 + Level 2.1 Evocations


You had 16 spell levels left.
You didn't know any spells.
Your spell library contained the following spells:

 Spells                   Type           Power        Failure   Level  Hunger
 Animate Skeleton         Necr           N/A          63%         1    ##.....
 Apportation              Tloc           #.....       63%         1    ##.....
 Confusing Touch          Hex            #.....       63%         1    ##.....
 Flame Tongue             Conj/Fire      #....        63%         1    ##.....
 Shock                    Conj/Air       #...         63%         1    ##.....
 Summon Small Mammal      Summ           #...         63%         1    ##.....
 Swiftness                Chrm/Air       #.......     77%         2    ###....
 Throw Flame              Conj/Fire      #.....       77%         2    ###....
 Conjure Flame            Conj/Fire      #.......     92%         3    ####...
 Inner Flame              Hex/Fire       #.......     92%         3    ####...
 Mephitic Cloud           Conj/Pois/Air  #.......     92%         3    ####...
 Recall                   Summ/Tloc      N/A          92%         3    ####...
 Static Discharge         Conj/Air       #.......     92%         3    ####...
 Airstrike                Air            #.........   100%        4    #####..
 Sticky Flame             Conj/Fire      #.......     100%        4    #####..
 Fireball                 Conj/Fire      #.........   100%        5    ######.
 Irradiate                Conj/Tmut      #.........   100%        5    ######.
 Lightning Bolt           Conj/Air       #.........   100%        5    ######.
 Hydra Form               Tmut           #.........   100%        6    #######
 Statue Form              Tmut/Erth      #........    100%        6    #######
 Dragon Form              Tmut           #.........   100%        7    #######
 Summon Hydra             Summ           #.........   100%        7    #######


Dungeon Overview and Level Annotations

Branches:
Dungeon (15/15)            Temple (1/1) D:4            Lair (6/6) D:9
  Swamp (2/4) Lair:4        Snake (2/4) Lair:2        Slime (0/5) Lair:5
    Orc (2/2) D:10            Elf (2/3) Orc:2        Vaults (0/5) D:13
 Depths (0/5) D:15

Altars:
Ashenzari
Cheibriados
Elyvilon
Fedhas
Gozag
Hepliaklqana
Kikubaaqudgha
Makhleb
Okawaru
Qazlal
Sif Muna
Trog
Uskayaw
Vehumet
Wu Jian
Xom
Yredelemnul
The Shining One
Beogh
Jiyva

Shops:
D:8 [*   Orc:1 (   Orc:2 [*:[   Elf:2 }=}   Snake:1 }   Snake:2 :[=

Annotations:
D:4 exclusion: oklob plant
Lair:5 1 runed translucent door, u8823's ghost, journeyman OpBe
Elf:2 Aizul


Innate Abilities, Weirdness & Mutations

You reflexively headbutt those who attack you in melee.
You have a pair of horns on your head.


Message History

Aizul coils herself and waves her upper body at you.
You block the poison arrow.
Your plate armour prevents you from hitting Aizul.
You headbutt Aizul!
Aizul is almost dead.
You feel very sick.
Aizul winks several times.
Aizul casts a spell at you. The bolt of poison hits you!!
You are more poisoned.
* * * LOW HITPOINT WARNING * * *
You miss Aizul. Your headbutt misses Aizul.
Aizul is almost dead.
* * * LOW HITPOINT WARNING * * *
You feel very sick.
Aizul says, "I wasn't actually sleeping!"
Aizul coils herself and waves her upper body at you.
The bolt of poison hits you!!
You are more poisoned.
You die...

##.....(...............##
#.....(e................##
.......Y.................#
#...(...................#
##.....................#
##...#.............#...##
#...###...........###...##
.Y.## ##.........## ##...#
#...###.........@.###...##
##...#..........S..#...##
##...).................##
#.......................##
.........................#
#.).....................##
.).......................#
))......................##
)#............ ........##


You could see Aizul.

Vanquished Creatures
  Nikola (Swamp:2)
  Jorgrun (Elf:1)
  A deep elf blademaster (Elf:2)
  Frances (Swamp:2)
  Gastronok (D:8)
  Agnes (Elf:1)
  Kirke (Elf:1)
  A deep elf sorcerer (Elf:1)
  A reaper (Gauntlet)
  A deep elf demonologist (Elf:2)
  Azrael (D:14)
  A minotaur (Gauntlet)
  Josephine (Orc:1)
  Snorg (Lair:5)
  Harold (D:7)
  3 catoblepae (Lair:6)
  A naga warrior (Snake:2)
  A death knight (D:14)
  13 hydras
  2 ghost crabs (Swamp:2)
  2 centaur warriors
  2 shambling mangroves (Swamp:2)
  25 dancing weapons
  10 death yaks (Lair:6)
  8 alligators
  A tengu warrior (D:15)
  3 two-headed ogres
  8 deep elf knights (Elf:2)
  5 orc high priests (Orc:2)
  Sonja (Lair:1)
  The ghost of Gargoyl the Envoy of Void, a novice CeAK of Lugonu (D:7)
  A fire crab (shapeshifter) (D:15)
  3 unseen horrors
  5 orc knights (Orc:2)
  A spriggan druid (Swamp:2)
  4 swamp dragons
  4 deep elf archers (Elf:2)
  A lindwurm (Lair:6)
  A necromancer (Gauntlet)
  3 mana vipers
  26 ugly things
  5 slime creatures
  3 manticores
  29 deep elf magi
  A wolf spider (D:15)
  A wolf spider zombie (D:14)
  An orc sorcerer (Elf:1)
  2 salamanders
  A moth of wrath (shapeshifter) (Elf:1)
  2 cyclopes
  Maurice (D:11)
  A black mamba (shapeshifter) (D:14)
  An ice statue (Gauntlet)
  12 black mambas
  A guardian serpent (Snake:2)
  A guardian serpent (shapeshifter) (D:13)
  9 spiny frogs
  A gargoyle (D:13)
  2 rime drakes (Gauntlet)
  2 centaur skeletons (D:13)
  A naga mage (Snake:1)
  2 yaktaurs
  2 minotaur zombies (Gauntlet)
  2 komodo dragons
  5 freezing wraiths (D:14)
  A hellwing (Gauntlet)
  4 trolls
  5 tengu conjurers
  13 blink frogs
  3 hornets
  6 tyrant leeches
  4 bog bodies
  8 hippogriffs
  An air elemental (Elf:2)
  3 shadows
  A tarantella (shapeshifter) (Elf:1)
  3 water elementals
  4 spriggans
  9 wraiths
  54 yaks
  A human (shapeshifter) (Elf:1)
  4 hogs (Elf:1)
  2 hungry ghosts
  2 basilisks
  A steam dragon (D:9)
  21 vampire mosquitoes
  Grum (Lair:1)
  Menkaure (D:7)
  5 fire elementals
  6 nagas
  Edmund (D:5)
  13 swamp worms
  2 wargs (Orc:2)
  An acid dragon (D:14)
  6 insubstantial wisps (Swamp:2)
  13 water moccasins
  5 porcupines
  38 orc warriors
  3 hell hounds (D:14)
  3 sky beasts
  A hornet zombie (D:11)
  2 swamp drakes (Swamp:2)
  4 ice beasts
  2 black bears
  12 ogres
  2 phantoms
  2 eyes of draining (D:10)
  12 wolves
  10 centaurs
  12 crocodiles
  A crocodile (shapeshifter) (D:15)
  Blork the orc (D:5)
  3 big kobolds
  11 bullfrogs
  3 water moccasin zombies (Ossuary)
  4 wyvern skeletons
  3 scorpions
  2 water moccasin skeletons
  9 killer bees
  5 wights (D:7)
  An electric eel (Lair:1)
  7 crimson imps
  5 howler monkeys
  2 bullfrog zombies
  3 centaur zombies
  Crazy Yiuf (D:7)
  3 jellies
  7 hounds
  20 orc wizards
  A bullfrog skeleton (D:8)
  41 orc priests
  An iguana (D:9)
  7 worker ants
  A big kobold zombie (Ossuary)
  A hound zombie (D:11)
  2 mummies (Ossuary)
  4 hound skeletons
  15 adders
  6 gnolls
  10 shadow imps
  An adder zombie (D:5)
  3 adder skeletons
  A worm (D:2)
  A dart slug (D:4)
  5 leopard geckos
  110 orcs
  A ball python (D:2)
  8 giant cockroaches
  A gnoll zombie (Ossuary)
  16 goblins
  6 hobgoblins
  5 quokkas
  7 bats
  9 frilled lizards
  5 hobgoblin zombies (Ossuary)
  A jackal skeleton (D:5)
  24 kobolds
  4 kobold zombies (Ossuary)
  A leopard gecko skeleton (D:5)
  5 orc zombies (Ossuary)
  5 rats
  2 rat zombies (D:6)
  4 fungi
  A plant (Lair:1)
951 creatures vanquished.

Vanquished Creatures (others)
  A tyrant leech (Swamp:2)
  2 spriggans (Swamp:2)
  3 fungi
  4 plants
10 creatures vanquished.

Grand Total: 961 creatures vanquished

Notes
Turn   | Place    | Note
-------+----------+-------------------------------------------
     0 | D:1      | Peloso the Minotaur Fighter began the quest for the Orb.
     0 | D:1      | Reached XP level 1. HP: 19/19 MP: 0/0
   264 | D:1      | Reached XP level 2. HP: 24/27 MP: 1/1
   888 | D:2      | Reached skill level 4 in Shields
   970 | D:2      | Reached XP level 3. HP: 33/33 MP: 2/2
  1040 | D:2      | Reached skill level 1 in Dodging
  1045 | D:2      | Reached XP level 4. HP: 28/40 MP: 3/3
  1255 | D:2      | Found a shimmering altar of Xom.
  1712 | D:2      | Reached XP level 5. HP: 47/47 MP: 4/4
  2632 | D:3      | Reached skill level 5 in Long Blades
  2889 | D:4      | Noticed a phantom
  2907 | D:4      | Reached XP level 6. HP: 49/53 MP: 5/5
  3142 | D:5      | Entered Level 5 of the Dungeon
  3205 | D:4      | Reached skill level 5 in Shields
  3363 | D:4      | Found a blossoming altar of Fedhas.
  3376 | D:4      | Noticed an oklob plant
  3460 | D:4      | Found a snail-covered altar of Cheibriados.
  3585 | D:4      | Found a staircase to the Ecumenical Temple.
  3595 | Temple   | Entered the Ecumenical Temple
  3655 | Temple   | Became a worshipper of Warmaster Okawaru
  3792 | D:4      | Reached skill level 5 in Fighting
  3792 | D:4      | Reached skill level 5 in Armour
  3792 | D:4      | Reached XP level 7. HP: 61/61 MP: 6/6
  4603 | D:5      | Reached * piety under Okawaru
  4710 | D:5      | Reached XP level 8. HP: 54/69 MP: 5/7
  4791 | D:5      | Reached skill level 6 in Shields
  4976 | D:5      | Found an ancient bone altar of Kikubaaqudgha.
  5128 | D:5      | Reached skill level 1 in Stealth
  5184 | D:5      | Noticed Blork the orc
  5189 | D:5      | Killed Blork the orc
  5248 | D:5      | Noticed Edmund
  5309 | D:5      | Killed Edmund
  5547 | D:6      | Reached ** piety under Okawaru
  5965 | D:6      | Found a sand-covered staircase.
  5972 | Ossuary  | Entered an ossuary
  6067 | Ossuary  | Reached skill level 7 in Shields
  6067 | Ossuary  | Reached XP level 9. HP: 75/77 MP: 8/8
  6364 | D:7      | Noticed Gargoyl's ghost (novice CeAK)
  6367 | D:7      | Found a runed translucent door.
  6623 | D:7      | Found a white marble altar of Elyvilon.
  6703 | D:7      | Noticed Menkaure
  6710 | D:7      | Killed Menkaure
  7081 | D:7      | Found an ornate altar of the Wu Jian Council.
  7269 | D:7      | Noticed Harold
  7288 | D:7      | Killed Harold
  7288 | D:7      | Reached *** piety under Okawaru
  7288 | D:7      | Reached **** piety under Okawaru
  7288 | D:7      | Reached skill level 10 in Long Blades
  7288 | D:7      | Reached skill level 8 in Shields
  7312 | D:7      | Found a runed translucent door.
  7313 | D:7      | Noticed Crazy Yiuf
  7661 | D:7      | Killed Crazy Yiuf
  8109 | D:8      | Reached XP level 10. HP: 82/86 MP: 6/9
  8190 | D:8      | Found Kokhuoh's Antique Armour Shop.
  8482 | D:8      | Found Dootut's Assorted Antiques.
  8483 | D:8      | Noticed Gastronok
  8513 | D:8      | Killed Gastronok
  8513 | D:8      | Reached ***** piety under Okawaru
  8513 | D:8      | Received a gift from Okawaru
  8513 | D:8      | Reached skill level 9 in Shields
  9194 | D:9      | Found a staircase to the Lair.
  9735 | D:10     | Entered Level 10 of the Dungeon
  9735 | D:10     | Noticed a five-headed hydra
  9773 | Lair:1   | Entered Level 1 of the Lair of Beasts
  9876 | Lair:1   | Noticed Grum
  9903 | Lair:1   | Killed Grum
 10227 | Lair:1   | Reached skill level 10 in Shields
 10293 | Lair:1   | Noticed Sonja
 10360 | Lair:1   | Noticed a spiny frog
 10375 | Lair:1   | HP: 4/90 [spiny frog (8)]
 10377 | Lair:1   | Killed a spiny frog
 10808 | D:10     | Killed a one-headed hydra
 10808 | D:10     | Reached skill level 1 in Invocations
 10808 | D:10     | Reached XP level 11. HP: 97/97 MP: 8/10
 11081 | D:10     | Found a staircase to the Orcish Mines.
 11532 | D:11     | Noticed a cyan ugly thing
 11547 | D:11     | Noticed a green ugly thing
 11566 | D:11     | Killed a cyan ugly thing
 11587 | D:11     | Noticed a white ugly thing
 11593 | D:11     | Killed a white ugly thing
 11948 | D:11     | Reached skill level 11 in Shields
 11981 | D:11     | Got a fine chain mail
 11992 | D:11     | Identified the +2 chain mail of a wizard's laboratory {+Inv
                  | Str+3} (You found it on level 11 of the Dungeon)
 12186 | D:11     | Noticed a red ugly thing
 12198 | D:11     | Killed a red ugly thing
 12198 | D:11     | Reached skill level 10 in Fighting
 12231 | D:11     | Killed a green ugly thing
 12499 | D:11     | Found a roughly hewn altar of Beogh.
 12652 | D:11     | Received a gift from Okawaru
 12737 | D:11     | Noticed Maurice
 12747 | D:11     | Killed Maurice
 13268 | D:7      | Killed Gargoyl's ghost
 13343 | D:8      | Bought an amethyst potion for 25 gold pieces
 13743 | D:8      | Bought a smoking plate armour for 700 gold pieces
 13757 | D:8      | Identified the +0 plate armour of the Loofah {Stlth+} (You
                  | bought it in a shop on level 8 of the Dungeon)
 13892 | Lair:2   | Found a staircase to the Snake Pit.
 13905 | Lair:2   | Reached XP level 12. HP: 93/107 MP: 9/12
 13916 | Lair:2   | Reached skill level 12 in Shields
 14065 | Lair:2   | Reached skill level 5 in Dodging
 14068 | Lair:2   | Reached skill level 10 in Armour
 14437 | Lair:2   | Received a gift from Okawaru
 14441 | Lair:2   | Got a transparent demon blade {god gift}
 14442 | Lair:2   | Identified the +5 demon blade of the Vendetta {vamp, Str+3}
                  | (Okawaru gifted it to you on level 2 of the Lair of Beasts)
 15599 | Lair:4   | Noticed a five-headed hydra
 15609 | Lair:4   | Killed a nine-headed hydra
 15689 | Lair:4   | Reached skill level 13 in Shields
 15704 | Lair:4   | Received a gift from Okawaru
 15842 | Lair:4   | Noticed a six-headed hydra
 15854 | Lair:4   | Killed a 14-headed hydra
 15854 | Lair:4   | Reached ****** piety under Okawaru
 15854 | Lair:4   | Received a gift from Okawaru
 15859 | Lair:4   | Got distressingly furry quicksilver dragon scales {god
                  | gift}
 15870 | Lair:4   | Identified the quicksilver dragon scales of Valour {MR+
                  | rCorr} (Okawaru gifted it to you on level 4 of the Lair of
                  | Beasts)
 15895 | Lair:4   | Noticed a five-headed hydra
 15909 | Lair:4   | Killed a 13-headed hydra
 16047 | Lair:4   | Found a staircase to the Swamp.
 16516 | Lair:5   | Found a runed translucent door.
 16517 | Lair:5   | Found a shimmering altar of Xom.
 16517 | Lair:5   | Noticed u8823's ghost (journeyman OpBe)
 16577 | Lair:5   | Found a gate leading to a gauntlet.
 16579 | Lair:5   | Noticed an eight-headed hydra
 16589 | Lair:5   | Killed a 14-headed hydra
 16589 | Lair:5   | Reached XP level 13. HP: 116/116 MP: 14/14
 16604 | Gauntlet | Entered a Gauntlet
 16604 | Gauntlet | Found a transporter.
 16613 | Gauntlet | Found a transporter.
 16614 | Gauntlet | Found a transporter.
 16629 | Gauntlet | Found a transporter.
 16631 | Gauntlet | Found a transporter.
 16635 | Gauntlet | Noticed a reaper
 16644 | Gauntlet | Found the +2 shield of Resistance {rF+ rC+ MR+}
 16644 | Gauntlet | Found a transporter.
 16659 | Gauntlet | Found a transporter.
 16669 | Gauntlet | Found a transporter.
 16679 | Gauntlet | Found a transporter.
 16697 | Gauntlet | Found a transporter.
 16703 | Gauntlet | Found a runed translucent gate.
 16704 | Gauntlet | Found a transporter.
 16704 | Gauntlet | Found a runed translucent gate.
 16706 | Gauntlet | Found a runed translucent gate.
 16707 | Gauntlet | Found a transporter.
 16806 | Gauntlet | Found a transporter.
 16806 | Gauntlet | Found a transporter.
 17007 | Gauntlet | Got a coiled pewter ring
 17009 | Gauntlet | Identified the ring "Tidyr" {Wiz Int+4 Slay+5} (You found
                  | it in a Gauntlet)
 17042 | Gauntlet | Killed a reaper
 17082 | Gauntlet | Noticed a minotaur
 17092 | Gauntlet | Killed a minotaur
 17899 | Lair:5   | Noticed Snorg
 17909 | Lair:5   | Killed Snorg
 17909 | Lair:5   | Received a gift from Okawaru
 17924 | Lair:5   | Found a viscous altar of Jiyva.
 17924 | Lair:5   | Found a staircase to the Slime Pits.
 18120 | Lair:1   | Killed Sonja
 18416 | Lair:6   | Entered Level 6 of the Lair of Beasts
 18432 | Lair:6   | Reached skill level 15 in Long Blades
 18453 | Lair:6   | Reached skill level 1 in Evocations
 18593 | Lair:6   | Reached skill level 14 in Shields
 18647 | Lair:6   | Received a gift from Okawaru
 18667 | Lair:6   | Reached skill level 5 in Invocations
 18677 | Lair:6   | Got a spiked hat {god gift}
 18688 | Lair:6   | Identified the -2 hat "Owiudank" {Str+3} (Okawaru gifted it
                  | to you on level 6 of the Lair of Beasts)
 18866 | Lair:6   | Reached XP level 14. HP: 127/127 MP: 16/16
 19748 | Orc:1    | Entered Level 1 of the Orcish Mines
 19778 | Orc:1    | Noticed Josephine
 19788 | Orc:1    | Killed Josephine
 19980 | Orc:2    | Entered Level 2 of the Orcish Mines
 19985 | Orc:2    | Found a staircase to the Elven Halls.
 20362 | Orc:2    | Received a gift from Okawaru
 20799 | Orc:1    | Found Plog's Weapon Emporium.
 21281 | Orc:2    | Reached skill level 15 in Shields
 21512 | Orc:2    | Received a gift from Okawaru
 21820 | Orc:2    | Found Lisizau's General Store.
 21820 | Orc:2    | Found Wakhip's Armour Emporium.
 21821 | Orc:2    | Found Eppuolaq's Antique Armour Emporium.
 21821 | Orc:2    | Found Nehoor's Book Shoppe.
 21828 | Orc:2    | Bought a scroll of enchant armour for 90 gold pieces
 21835 | Orc:2    | Bought a pair of embroidered boots for 135 gold pieces
 23185 | D:13     | Found a gate to the Vaults.
 23646 | D:13     | Reached skill level 16 in Shields
 23943 | D:14     | Reached XP level 15. HP: 138/138 MP: 17/17
 24054 | D:14     | Noticed Azrael
 24082 | D:14     | Killed Azrael
 24495 | D:14     | Received a gift from Okawaru
 24869 | D:15     | Entered Level 15 of the Dungeon
 25513 | D:15     | Found a staircase to the Depths.
 26666 | Snake:1  | Entered Level 1 of the Snake Pit
 26695 | Snake:1  | Reached skill level 17 in Shields
 26754 | Snake:1  | Found Asul's Gadget Shop.
 27169 | Snake:2  | Reached skill level 15 in Fighting
 27178 | Snake:2  | Found Foej's Book Boutique.
 27182 | Snake:2  | Got a fine amber ring
 27207 | Snake:2  | Identified the ring "Ewiwna" {rN+++ Str-2 Int+3 Dex+5 SInv}
                  | (You found it on level 2 of the Snake Pit)
 27251 | Snake:2  | Found Ziggo's Jewellery Shop.
 27335 | Snake:2  | Received a gift from Okawaru
 27372 | Snake:2  | Found Feajaam's Armour Emporium.
 27744 | Swamp:1  | Entered Level 1 of the Swamp
 28171 | Swamp:1  | Received a gift from Okawaru
 28539 | Swamp:2  | Noticed Frances
 28559 | Swamp:1  | Reached XP level 16. HP: 131/149 MP: 15/18
 28588 | Swamp:2  | Killed Frances
 28603 | Swamp:2  | Paralysed by a hornet for 3 turns
 28612 | Swamp:2  | HP: 4/149 [shambling mangrove (12)]
 29221 | Swamp:2  | Noticed Nikola
 29242 | Swamp:2  | Killed Nikola
 29280 | Swamp:2  | Reached skill level 18 in Shields
 30122 | Elf:1    | Entered Level 1 of the Elven Halls
 30168 | Elf:1    | Noticed Agnes
 30180 | Elf:1    | Killed Agnes
 30180 | Elf:1    | Received a gift from Okawaru
 30191 | Elf:1    | Noticed Jorgrun
 30210 | Elf:1    | Killed Jorgrun
 30410 | Elf:1    | Noticed Kirke
 30418 | Elf:1    | Killed Kirke
 30471 | Elf:1    | Found the +9 heavy crossbow "Sniper" {velocity, Acc+∞ SInv}
 30673 | Elf:1    | Received a gift from Okawaru
 30676 | Elf:1    | Got a twisted chain mail {god gift}
 30687 | Elf:1    | Identified the +1 chain mail of Prudence {-Cast rPois rN+
                  | Str+5} (Okawaru gifted it to you on level 1 of the Elven
                  | Halls)
 31039 | Elf:1    | Identified the Catalogue of Supportive Arcane Weapons
 31358 | Elf:2    | Found Joaboc's Gadget Emporium.
 31359 | Elf:2    | Found Nyosaij's Jewellery Shop.
 31360 | Elf:2    | Found Wusasozo's Gadget Emporium.
 31373 | Elf:2    | Bought an uncursed amulet of faith for 600 gold pieces
 31426 | Elf:2    | Found a runed translucent gate.
 31429 | Elf:2    | Found a runed translucent gate.
 31430 | Elf:2    | Found a runed translucent gate.
 31431 | Elf:2    | Got a polished scimitar
 31435 | Elf:2    | Identified the cursed +0 scimitar of Precise Incision
                  | {pain, Int+6} (You found it on level 2 of the Elven Halls)
 31538 | Elf:2    | Reached XP level 17. HP: 160/160 MP: 20/20
 31681 | Elf:2    | Noticed a deep elf blademaster
 31696 | Elf:2    | Killed a deep elf blademaster
 31696 | Elf:2    | Reached skill level 15 in Armour
 31708 | Elf:2    | Reached skill level 19 in Shields
 31809 | Elf:2    | Received a gift from Okawaru
 31925 | Elf:2    | Noticed Aizul
 32386 | Elf:2    | Killed from afar by Aizul

Skill      XL: |  1  2  3  4  5  6  7  8  9 10 11 12 13 14 15 16 17 |
---------------+----------------------------------------------------+-----
Fighting       | 4 5 6 7 9 10 11 12 14 15 16 17 | 17.0
Armour         | 4 5 7 8 9 11 12 14 15 | 15.1
Shields        | 4 5 7 8 10 11 13 14 16 17 18 19 | 19.2
Long Blades    | 3 4 5 6 7 9 11 12 13 14 15 16 17 18 | 18.5
Dodging        | 1 2 3 4 5 6 7 |  7.5
Stealth        | 1 2 |  2.5
Invocations    | 1 2 3 5 |  5.3
Evocations     | 2 |  2.1
Axes           | |  0.3

Action                   |  1- 3 |  4- 6 |  7- 9 | 10-12 | 13-15 | 16-18 || total
-------------------------+-------+-------+-------+-------+-------+-------++-------
Melee: Long sword        |    81 |   206 |     9 |   142 |       |       ||   438
       Headbutt          |     7 |    34 |    83 |   233 |   429 |   169 ||   955
       Falchion          |       |       |   349 |   550 |       |       ||   899
       Unarmed           |       |       |     1 |       |       |       ||     1
       Hand axe          |       |       |       |     7 |       |       ||     7
       Demon blade       |       |       |       |   152 |  1232 |   509 ||  1893
Invok: Heroism           |       |       |     1 |    15 |    11 |     1 ||    28
       Finesse           |       |       |       |     5 |     4 |       ||     9
Evoke: Wand              |       |       |       |     4 |    12 |       ||    16
  Use: Scroll            |       |     2 |    13 |    13 |     7 |     3 ||    38
       Potion            |       |       |       |     9 |       |     1 ||    10
 Stab: Petrified         |       |       |       |       |     2 |       ||     2
       Confused          |       |       |       |       |     1 |       ||     1
  Eat: Chunk             |       |     9 |    11 |    15 |    29 |    10 ||    74
       Ration            |       |       |     1 |     5 |     3 |     1 ||    10
Armor: Scale mail        |    38 |    65 |    73 |     8 |       |       ||   184
       Plate armour      |       |       |       |   113 |   258 |   179 ||   550
       Chain mail        |       |       |       |   151 |   107 |       ||   258
Dodge: Dodged            |    23 |    65 |    94 |   212 |   357 |   124 ||   875
Block: Shield            |    38 |    82 |   177 |   472 |   882 |   332 ||  1983
       Rpst.: Long sword |     5 |    14 |     2 |     5 |       |       ||    26
       Falchion          |       |       |    28 |    28 |       |       ||    56
       Demon blade       |       |       |       |     5 |    72 |    28 ||   105
